 Dungeon Crawl Stone Soup version 0.23.1 (webtiles) character file.

Game seed: 2286444382908579647

45 myga the Magician (level 3, -2/26 HPs)
             Began as a Minotaur Wizard on Mar 17, 2019.
             Slain by a gnoll
             ... wielding a cursed +0 halberd
              (10 damage)
             ... on level 2 of the Dungeon.
             The game lasted 00:07:13 (1627 turns).

myga the Magician (Minotaur Wizard)                 Turns: 1627, Time: 00:07:14

Health: -2/26      AC:  2    Str: 11    XL:     3   Next: 42%
Magic:  0/6        EV: 12    Int: 15    God:
Gold:   64         SH:  0    Dex:  9    Spells: 2/7 levels left

rFire    . . .     SeeInvis .   k - +1 dagger (vamp)
rCold    . . .     Gourm    .   (no shield)
rNeg     . . .     Faith    .   f - +0 robe
rPois    .         Spirit   .   b - +0 hat
rElec    .         Reflect  .   (no cloak)
rCorr    .         Harm     .   (no gloves)
MR       .....                  (no boots)
Stlth    ++........             (no amulet)
HPRegen  0.08/turn              (no ring)
MPRegen  0.10/turn              (no ring)

@: no status effects
A: retaliatory headbutt, horns 2
a: no special abilities


You were on level 2 of the Dungeon.
You were not hungry.

You visited 1 branch of the dungeon, and saw 2 of its levels.

You collected 64 gold pieces.

Inventory:

Hand Weapons
 k - a +1 vampiric dagger (weapon)
Missiles
 h - 3 tomahawks (quivered)
 m - 106 stones
 o - 21 arrows
 r - 7 sling bullets
Armour
 b - a +0 hat (worn)
 f - a +0 robe (worn)
Scrolls
 c - a scroll of magic mapping {unknown}
 e - a scroll of amnesia {unknown}
 j - a scroll of teleportation
 n - a scroll of enchant armour {unknown}
 s - a scroll of fog {unknown}
Comestibles
 a - 2 chunks of flesh
 d - 4 rations


   Skills:
 + Level 2.5 Dodging
 + Level 2.0 Stealth
 + Level 2.9 Spellcasting
 + Level 0.6 Conjurations
 + Level 0.6 Summonings
 + Level 0.6 Translocations


You had 2 spell levels left.
You knew the following spells:

 Your Spells              Type           Power        Failure   Level  Hunger
a - Magic Dart            Conj           #...         16%         1    #......
b - Blink                 Tloc           N/A          24%         2    ##.....
c - Call Imp              Summ           #.......     24%         2    ##.....

Your spell library contained the following spells:

 Spells                   Type           Power        Failure   Level  Hunger
 Slow                     Hex            #.......     30%         2    ##.....
 Conjure Flame            Conj/Fire      #.......     47%         3    ###....
 Mephitic Cloud           Conj/Pois/Air  #.......     50%         3    ###....


Dungeon Overview and Level Annotations

Branches:
Dungeon (2/15)

Altars:


Innate Abilities, Weirdness & Mutations

You reflexively headbutt those who attack you in melee.
You have a pair of horns on your head.


Message History

The gnoll is severely wounded.
Your shadow imp closely misses the gnoll.
You hit the gnoll but do no damage.
The gnoll is severely wounded.
The gnoll completely misses you. You furiously retaliate!
You headbutt the gnoll.
You kill the gnoll!
Your Stealth skill increases to level 2!
The gnoll hits you from afar with a cursed +0 halberd!
Your shadow imp hits the gnoll.
Casting: Magic Dart (safe; 16% risk of failure)
Confirm with . or Enter, or press ? or * to list all spells.
Aiming: Magic Dart (safe; 16% risk of failure)
Press: ? - help, Shift-Dir - straight line, f - gnoll
Aim: a gnoll The magic dart hits the gnoll.
The gnoll is moderately wounded.
Your shadow imp hits the gnoll but does no damage.
The gnoll hits you from afar with a cursed +0 halberd!
You die...

.................. .
.............###.#.
#####...###......#..
#.g.# ######(. . #.g.#
.. . #...#
########)..#
###......gg5##
#.......@####
#...##.#.# #...##.#.#
### ##......#.##. ..#
#............. #.#
#.......#.###. #.#
#.........### #.#
#.รทรท......... #.#
#..####.####.#####<###


You could see 3 gnolls, a hobgoblin and a friendly shadow imp.

Vanquished Creatures
  A gnoll (D:2)
  An adder (D:2)
  A worm (D:2)
  2 dart slugs (D:1)
  A bat (D:1)
  3 goblins
  3 hobgoblins (D:1)
  2 jackals (D:1)
  2 frilled lizards
  4 kobolds
  2 rats
22 creatures vanquished.

Notes
Turn   | Place    | Note
-------+----------+-------------------------------------------
     0 | D:1      | myga the Minotaur Wizard began the quest for the Orb.
     0 | D:1      | Reached XP level 1. HP: 14/14 MP: 2/2
   440 | D:1      | Reached XP level 2. HP: 15/20 MP: 0/4
   664 | D:1      | Learned a level 2 spell: Blink
   673 | D:1      | Learned a level 2 spell: Call Imp
  1401 | D:2      | HP: 1/20 [adder (3)]
  1408 | D:2      | Reached XP level 3. HP: 17/26 MP: 6/6
  1627 | D:2      | Slain by a gnoll

Skill      XL: |  1  2  3 |
---------------+----------+-----
Stealth        | 2 |  2.0
Dodging        | |  2.5
Spellcasting   | |  2.9
Conjurations   | |  0.6
Summonings     | |  0.6
Translocations | |  0.6

Action                   || total
-------------------------++-------
Melee: Unarmed           ||    20
       Headbutt          ||    10
       Spear             ||    16
       Dagger            ||    24
Throw: Tomahawk          ||     2
 Cast: Magic Dart        ||    26
       Call Imp          ||     3
  Use: Scroll            ||     3
       Potion            ||     2
 Stab: Sleeping          ||     2
  Eat: Ration            ||     2
       Chunk             ||     1
Armor: Robe              ||     6
Dodge: Dodged            ||    28
